 Dungeon Crawl Stone Soup version 0.23-a0-151-gf6d1ed2 (webtiles) character file.

80 Amnesiac the Ducker (level 4, -2/22 HPs)
             Began as a Spriggan Transmuter on Sept 9, 2018.
             Slain by a bullfrog skeleton (5 damage)
             ... on level 3 of the Dungeon.
             The game lasted 00:02:02 (2031 turns).

Amnesiac the Ducker (Spriggan Transmuter)           Turns: 2031, Time: 00:02:03

Health: -2/22      AC:  2    Str:  7    XL:     4   Next: 18%
Magic:  7/9        EV: 22    Int: 14    God:
Gold:   66         SH:  0    Dex: 16    Spells: 5/8 levels left

rFire    . . .     SeeInvis +   c - +1 short sword (drain)
rCold    . . .     Gourm    .   (shield restricted)
rNeg     . . .     Faith    .   b - +0 robe
rPois    .         Spirit   .   (helmet restricted)
rElec    .         Reflect  .   (no cloak)
rCorr    .         Harm     .   (gloves unavailable)
MR       .....                  (boots unavailable)
Stlth    ..........             k - amulet of the acrobat
HPRegen  0.07/turn              p - ring of attention (curse)
MPRegen  0.11/turn              (no ring)

@: very quick
A: very small, unfitting armour, see invisible, herbivore, speed 3, slow
metabolism 2
a: no special abilities


You were on level 3 of the Dungeon.
You were not hungry.

You visited 1 branch of the dungeon, and saw 3 of its levels.

You collected 66 gold pieces.

Inventory:

Hand Weapons
 c - a +1 short sword of draining (weapon)
Missiles
 a - 11 arrows
Armour
 b - a +0 robe (worn)
Jewellery
 k - an amulet of the acrobat (around neck)
 p - a cursed ring of attention (left hand)
Scrolls
 e - a scroll of enchant armour {!r, unknown}
 h - a scroll of teleportation {!r, unknown}
 i - a scroll of random uselessness {!r, unknown}
 l - 3 scrolls of identify {!r, unknown}
 q - a scroll of immolation {!r, unknown}
Potions
 f - a potion of degeneration {!q, unknown}
 g - a potion of haste {!q, unknown}
 j - 2 potions of curing {!q, unknown}
 m - a potion of cancellation {!q, unknown}
 n - 2 potions of agility {!q, unknown}
 o - a potion of ambrosia {!q, unknown}
Comestibles
 d - 3 rations


   Skills:
 - Level 1.0 Fighting
 + Level 6.5 Dodging
 - Level 2.4 Unarmed Combat
 - Level 2.6 Spellcasting
 - Level 2.6 Transmutations


You had 5 spell levels left.
You knew the following spells:

 Your Spells              Type           Power        Failure   Level  Hunger
a - Beastly Appendage     Tmut           #.....       8%          1    #......
b - Sticks to Snakes      Tmut           #.......     11%         2    ###....

Your spell library contained the following spells:

 Spells                   Type           Power        Failure   Level  Hunger
 Spider Form              Tmut/Pois      #.........   36%         3    ###....
 Ice Form                 Ice/Tmut       #.......     77%         4    #####..
 Blade Hands              Tmut           #.........   90%         5    ######.


Dungeon Overview and Level Annotations

Branches:
Dungeon (3/15)

Altars:
Cheibriados
Elyvilon
Qazlal


Innate Abilities, Weirdness & Mutations

You are very small and have problems with some larger weapons.
You are too small for most types of armour.
You have supernaturally acute eyesight. (SInv)
You are a herbivore.
You cover ground extremely quickly.
You need to consume almost no food.


Message History

The bat completely misses you. The bat completely misses you.
You barely miss the bat. The bat completely misses you. The bat misses you.
You hit the bat.
You kill the bat!
No target in view!
No target in view!
d - 3 rations (gained 1)
A hobgoblin comes into view.
The hobgoblin shouts!
The hobgoblin moves out of view.
No target in view!
A bullfrog skeleton comes into view.
There are monsters nearby!
The hobgoblin barely misses you.
You hit the hobgoblin. You drain the hobgoblin!
You kill the hobgoblin!
You hit the bullfrog skeleton.
The bullfrog skeleton is lightly damaged.
The bullfrog skeleton hits you.
The bullfrog skeleton completely misses you.
You hit the bullfrog skeleton.
The bullfrog skeleton is lightly damaged.
The bullfrog skeleton misses you.
You hit the bullfrog skeleton.
The bullfrog skeleton is moderately damaged.
The bullfrog skeleton misses you.
The bullfrog skeleton barely misses you.
You barely miss the bullfrog skeleton.
The bullfrog skeleton is moderately damaged.
The bullfrog skeleton misses you.
You completely miss the bullfrog skeleton.
The bullfrog skeleton is moderately damaged.
The bullfrog skeleton completely misses you.
You hit the bullfrog skeleton.
The bullfrog skeleton is moderately damaged.
The bullfrog skeleton closely misses you.
The bullfrog skeleton hits you.
You completely miss the bullfrog skeleton.
The bullfrog skeleton is moderately damaged.
The bullfrog skeleton completely misses you.
You hit the bullfrog skeleton.
The bullfrog skeleton is heavily damaged.
The bullfrog skeleton completely misses you.
The bullfrog skeleton barely misses you.
Casting: Beastly Appendage (safe; 8% risk of failure)
Confirm with . or Enter, or press ? or * to list all spells.
You create a snake!
You now have 11 arrows.
The bullfrog skeleton hits you.
* * * LOW HITPOINT WARNING * * *
You hit the bullfrog skeleton.
The bullfrog skeleton is heavily damaged.
The bullfrog skeleton closely misses you.
You barely miss the bullfrog skeleton.
The bullfrog skeleton is heavily damaged.
The bullfrog skeleton hits you.
* * * LOW HITPOINT WARNING * * *
Your ball python grabs the bullfrog skeleton.
Your ball python constricts the bullfrog skeleton.
The bullfrog skeleton barely misses your ball python.
You hit the bullfrog skeleton.
The bullfrog skeleton is severely damaged.
Your ball python constricts the bullfrog skeleton.
The bullfrog skeleton hits you.
You die...

#. ##.##.##.# #.
#.######......#.####
##.###......(............
.........####........###.
.........# ##.......#
.........# ##.#.#..#
.........#######...#....
..................######
.......Z@##########
.......S.# .........#
.........# ##########


You could see a bullfrog skeleton and a friendly ball python.

Vanquished Creatures
  2 adders (D:2)
  A dart slug (D:1)
  A leopard gecko (D:2)
  2 ball pythons
  7 bats
  A giant cockroach (D:2)
  4 goblins
  4 hobgoblins
  12 jackals
  9 kobolds
  3 frilled lizards
  9 rats
55 creatures vanquished.

Notes
Turn   | Place    | Note
-------+----------+-------------------------------------------
     0 | D:1      | Amnesiac the Spriggan Transmuter began the quest for the
                  | Orb.
     0 | D:1      | Reached XP level 1. HP: 9/9 MP: 5/5
    32 | D:1      | Reached skill level 1 in Fighting
   111 | D:1      | Reached skill level 4 in Dodging
   111 | D:1      | Reached XP level 2. HP: 8/14 MP: 6/6
   144 | D:1      | Learned a level 2 spell: Sticks to Snakes
   571 | D:1      | Reached skill level 5 in Dodging
   679 | D:1      | Reached XP level 3. HP: 18/18 MP: 8/8
  1385 | D:2      | Found a white marble altar of Elyvilon.
  1482 | D:2      | Reached skill level 6 in Dodging
  1601 | D:2      | Reached XP level 4. HP: 19/22 MP: 9/9
  1770 | D:2      | Found a snail-covered altar of Cheibriados.
  1770 | D:2      | Found a stormy altar of Qazlal.
  2031 | D:3      | Slain by a bullfrog skeleton

Vault maps used:
D:1:      dpeg_arrival_rooms_a
D:2:      elyvilon_altar_5, gammafunk_temple_overflow_pools
D:3:      doesnt_xom_only_xom, first_ration

Skill      XL: |  1  2  3 |
---------------+----------+-----
Fighting       | 1 |  1.0
Dodging        | 4 5 6 |  6.5
Unarmed Combat | |  2.4
Spellcasting   | |  2.6
Transmutations | |  2.6

Action                   |  1- 3 |  4- 6 || total
-------------------------+-------+-------++-------
Melee: Short sword       |   132 |    15 ||   147
       Unarmed           |     8 |       ||     8
       Punch             |     2 |       ||     2
       Headbutt          |     1 |       ||     1
 Cast: Beastly Appendage |     2 |       ||     2
       Sticks to Snakes  |       |     1 ||     1
 Stab: Sleeping          |     4 |       ||     4
       Distracted        |     1 |       ||     1
Armor: Robe              |    13 |       ||    13
Dodge: Dodged            |   117 |    16 ||   133

Table legend:
 A = Non-vault XP
 B = Vault XP
 C = Vault XP percentage of total XP
 D = Non-vault monster count
 E = Vault monster count
 F = Vault count percentage of total count
                 A         B        C        D         E       F
            +---------+---------+-------+---------+---------+-------
      Total |     115 |       0 |   0.0 |      55 |       0 |   0.0
            +---------+---------+-------+---------+---------+-------
        D:1 |      49 |       0 |   0.0 |      30 |       0 |   0.0
        D:2 |      62 |       0 |   0.0 |      23 |       0 |   0.0
        D:3 |       4 |       0 |   0.0 |       2 |       0 |   0.0
            +---------+---------+-------+---------+---------+-------
